 Dungeon Crawl Stone Soup version 0.28.0-53-g5a82cb258f (webtiles) character file.

Game seed: 1669388778003386371

2753 Peloso the Carver (level 9, -2/117 HPs)
             Began as a Minotaur Fighter on July 24, 2022.
             Slain by an orc warrior
             ... wielding a +1 short sword of speed
              (13 damage)
             ... on level 7 of the Dungeon.
             The game lasted 00:11:05 (8203 turns).

Peloso the Carver (Minotaur Fighter)                Turns: 8203, Time: 00:11:06

Health: -2/117     AC: 24    Str: 23    XL:     9   Next: 41%
Magic:  8/8        EV:  2    Int:  5    God:
Gold:   339        SH:  5    Dex: 12    Spells: 8/8 levels left

rFire   . . .      SeeInvis .   a - +1 long sword (holy)
rCold   . . .      Faith    .   c - +0 buckler
rNeg    . . .      Spirit   .   (armour currently unavailable)
rPois   +          Reflect  .   (helmet currently unavailable)
rElec   .          Harm     .   (cloak currently unavailable)
rCorr   .          Rampage  .   (gloves currently unavailable)
Will    .....      NoTele   +   (boots currently unavailable)
Stlth   ++........              (no amulet)
HPRegen 0.29/turn               g - ring of flight
MPRegen 0.11/turn               (no ring)

@: tree-form
A: stationary, stasis, torment immunity, boosted hp, (horns 2), (retaliatory
headbutt)
a: no special abilities


You were on level 7 of the Dungeon.
You were a tree.
You visited 2 branches of the dungeon, and saw 9 of its levels.

You collected 339 gold pieces.

Inventory:

Hand Weapons
 a - a +1 long sword of holy wrath (weapon)
 b - a +0 long sword
Armour
 c - a +0 buckler (worn)
 d - a +0 chain mail (melded)
 k - a +0 pair of boots (melded)
 p - a +0 cloak (melded)
 u - a +0 pair of gloves (melded)
Jewellery
 f - an amulet of guardian spirit
 g - a ring of flight (left branch)
 t - a ring of magical power
Wands
 v - a wand of iceblast (4)
 A - a wand of mindburst (13)
Scrolls
 h - 2 scrolls of teleportation
 l - a scroll of blinking {unknown}
 n - a scroll of fog {unknown}
 q - 2 scrolls of amnesia {unknown}
 w - 2 scrolls of enchant armour {unknown}
 x - a scroll of fear {unknown}
 y - a scroll of torment {unknown}
 z - 2 scrolls of magic mapping {unknown}
Potions
 e - 2 potions of flight
 i - a potion of resistance
 j - 3 potions of mutation
 m - 2 potions of curing {unknown}
 o - 2 potions of lignification
 r - 2 potions of haste {unknown}
 s - a potion of ambrosia {unknown}


   Skills:
 + Level 6.7 Fighting
 + Level 9.7 Long Blades
 + Level 9.4 Armour
 + Level 3.0 Dodging
 + Level 1.0 Stealth
 + Level 6.6 Shields


You had 8 spell levels left.
You didn't know any spells.
Your spell library contained the following spells:

 Spells                   Type           Power      Damage    Failure   Level
 Static Discharge         Conj/Air       0%         N/A       71%         2
 Lightning Bolt           Conj/Air       0%         1d11      100%        5
 Maxwell's Capacitive Co  Air            0%         ∞         100%        8


Dungeon Overview and Level Annotations

Branches:
Dungeon (8/15)             Temple (1/1) D:4
   Lair: D:8-11

Altars:
Cheibriados
Dithmenos
Elyvilon
Fedhas
Hepliaklqana
Kikubaaqudgha
Makhleb
Nemelex Xobeh
Okawaru
Qazlal
Ru
Sif Muna
Trog
Uskayaw
Vehumet
Wu Jian
Xom


Innate Abilities, Weirdness & Mutations

You are a tree.
Your roots penetrate the ground, keeping you stationary.
You cannot be teleported.
You are immune to unholy pain and torment.
Your maximum health is greatly increased.
Your equipment is partially melded.
((You have a pair of horns on your head.))
((You reflexively headbutt those who attack you in melee.))


Message History

* * * LOW HITPOINT WARNING * * *
You block the wyvern's attack.
Unknown command.
It was a potion of lignification.
You turn into a tree.
Your +0 cloak melds into your body.
Your +0 pair of gloves melds into your body.
Your +0 pair of boots melds into your body.
Your +0 chain mail melds into your body.
Your roots penetrate the ground.
The wyvern bites you but does no damage.
The orc warrior hits you but does no damage.
The orc warrior completely misses you.
You hit the orc warrior.
The orc warrior is severely wounded.
The wyvern bites you.
* * * LOW HITPOINT WARNING * * *
The orc warrior hits you but does no damage.
The wyvern bites you but does no damage.
Unknown command.
You barely miss the wyvern.
The wyvern is almost dead.
You block the wyvern's attack. You block the orc warrior's attack.
Unknown command.
You hit the wyvern.
The wyvern is almost dead.
The wyvern bites you but does no damage.
The orc warrior hits you but does no damage.
You block the orc warrior's attack. The wyvern barely misses you.
Unknown command.
You hit the wyvern but do no damage.
The wyvern is almost dead.
The orc warrior hits you but does no damage.
The wyvern bites you but does no damage.
Unknown command.
You hit the wyvern but do no damage.
The wyvern is almost dead.
The orc warrior hits you but does no damage.
The wyvern barely misses you.
The orc warrior hits you with a +1 short sword of speed!
You die...

...####.###.## #...#...# #.#
##....#####.#########
#..<...............#
#...#####.########.#########
##.#.## ##.# #.#.......#
......###..###### #.#.......#
.###...........l###.#.......#
.# ###.#.######.♣o..........#
## ##.#.### #####.........# #
#......# #...#.......#
#.####.# ####.#.######### #.#
#.# #....#.# ###.#
#.###.####.# ###...# #.##..#
#.# ......####.÷.)## #.#
..(....(..<.### #.#


You could see an orc warrior and a wyvern.

Vanquished Creatures
  A two-headed ogre (D:5)
  Joseph (D:7)
  A kobold demonologist (D:6)
  Menkaure (D:4)
  An orc warrior (D:6)
  2 water moccasins
  A necrophage (D:7)
  A black bear (D:6)
  2 wyvern zombies
  A scorpion (D:5)
  2 water moccasin zombies (D:5)
  A wyvern skeleton (D:6)
  A bullfrog zombie (D:5)
  3 hounds
  Crazy Yiuf (D:3)
  2 orc priests
  A centaur skeleton (D:7)
  Jessica (D:3)
  Terence (D:3)
  3 orc wizards
  A killer bee zombie (D:3)
  4 gnolls
  9 adders
  A shadow imp (D:5)
  A white imp (D:7)
  An ufetubus (D:5)
  An adder skeleton (D:4)
  10 dart slugs
  12 orcs
  3 bats
  7 endoplasms
  2 giant cockroaches
  13 goblins
  7 hobgoblins
  7 jackals
  9 kobolds
  3 quokkas
  8 ball pythons
  3 frilled lizards
  3 rats
133 creatures vanquished.

Vanquished Creatures (others)
  A human (D:4)
  3 fungi (D:3)
4 creatures vanquished.

Grand Total: 137 creatures vanquished

Notes
Turn   | Place    | Note
-------+----------+-------------------------------------------
     0 | D:1      | Peloso the Minotaur Fighter began the quest for the Orb.
     0 | D:1      | Reached XP level 1. HP: 19/19 MP: 0/0
   277 | D:1      | Reached XP level 2. HP: 27/27 MP: 1/1
   561 | D:1      | You fall into a shaft and drop 1 floor!
   570 | D:2      | Reached XP level 3. HP: 30/33 MP: 2/2
  1073 | D:2      | HP: 1/33 [poisoned by an adder]
  1306 | D:2      | Reached XP level 4. HP: 23/40 MP: 3/3
  2081 | D:3      | Found an ornate altar of the Wu Jian Council.
  2376 | D:3      | Reached skill level 1 in Dodging
  2610 | D:2      | Reached XP level 5. HP: 46/46 MP: 4/4
  3170 | D:3      | Noticed Terence
  3179 | D:3      | Killed Terence
  3180 | D:3      | Reached skill level 5 in Long Blades
  3286 | D:3      | Noticed Jessica
  3294 | D:3      | Killed Jessica
  3295 | D:3      | Reached skill level 5 in Armour
  3345 | D:3      | Reached XP level 6. HP: 47/53 MP: 5/5
  4003 | D:3      | Found a runed translucent door.
  4004 | D:3      | Noticed Crazy Yiuf
  4008 | D:3      | Killed Crazy Yiuf
  4072 | D:4      | Found a staircase to the Ecumenical Temple.
  4087 | Temple   | Entered the Ecumenical Temple
  4199 | D:4      | Found an ancient bone altar of Kikubaaqudgha.
  4206 | D:4      | Noticed a human
  4207 | D:4      | Killed a human
  4289 | D:4      | Identified the +8 hand axe of the Muttering Eel {protect,
                  | rCorr Str+3 Dex+6}
  4387 | D:4      | Noticed Menkaure
  4772 | D:4      | Killed Menkaure
  5080 | D:5      | Entered Level 5 of the Dungeon
  5087 | D:5      | Reached skill level 5 in Fighting
  5087 | D:5      | Reached XP level 7. HP: 56/61 MP: 6/6
  5349 | D:5      | Found a radiant altar of Vehumet.
  5496 | D:5      | Reached skill level 5 in Shields
  5661 | D:5      | Noticed a two-headed ogre
  5673 | D:5      | Killed a two-headed ogre
  5674 | D:5      | Reached XP level 8. HP: 34/70 MP: 7/7
  6520 | D:6      | Noticed a kobold demonologist
  6535 | D:6      | Killed a kobold demonologist
  6536 | D:6      | Reached XP level 9. HP: 71/75 MP: 8/8
  7245 | D:7      | Found a bloodstained altar of Trog.
  7588 | D:7      | Noticed Joseph
  7613 | D:7      | Killed Joseph
  7614 | D:7      | Reached skill level 1 in Stealth
  8189 | D:8      | Found an iron altar of Okawaru.
  8203 | D:7      | Slain by an orc warrior

Illustrated notes

Levels and vault maps discovered:
D:1:      giann_bridges, layout_basic, chequers_serial_rivers_small_a
D:2:      kennysheep_the_goblin_king, layout_rooms
D:3:      layout_basic, mainiacjoe_overflow_alcove_4, hangedman_decor_opposing,
          uniq_terence, uniq_crazy_yiuf_cottage, uniq_jessica
D:4:      layout_rooms, tgw_kikubaaqudgha, minmay_temple_entry_water_ring,
          minivault_5, uniq_menkaure
D:5:      kennysheep_slugbush, layout_rooms, nicolae_vehumet_radiance
D:6:      layout_basic
D:7:      layout_rooms, mainiacjoe_overflow_concentric_impassable, uniq_joseph
D:8:      layout_basic, kennysheep_mini, dpeg_oklobed_lair, serial_shops,
          nicolae_shop_overgrown_old_shop, worms_lemuel
Temple:   hc_temple_tempest_star

Skill      XL: |  1  2  3  4  5  6  7  8  9 |
---------------+----------------------------+-----
Armour         | 4 5 7 8 9 |  9.4
Fighting       | 4 5 6 |  6.7
Shields        | 4 5 6 |  6.6
Long Blades    | 3 4 5 6 8 9 |  9.7
Dodging        | 1 2 3 |  3.0
Stealth        | 1 |  1.0

Action                   |  1- 3 |  4- 6 |  7- 9 || total
-------------------------+-------+-------+-------++-------
Melee: Long sword        |    87 |   143 |   167 ||   397
       Headbutt          |     7 |    22 |    30 ||    59
  Use: Potion            |     1 |       |     2 ||     3
       Scroll            |       |     1 |     4 ||     5
Armor: Scale mail        |    61 |    44 |       ||   105
       Chain mail        |       |    32 |    77 ||   109
       Skin              |       |       |     9 ||     9
Dodge: Dodged            |    42 |    67 |    64 ||   173
Block: Buckler           |    22 |    48 |    40 ||   110
